 Dungeon Crawl Stone Soup version 0.28.0-45-g0d030f2227 (webtiles) character file.

Game seed: 9741550478692309491

60 DungeonMaster the Vandal (level 3, 0/42 HPs)
             Began as a Demonspawn Wanderer on Apr 17, 2022.
             Slain by a quokka (3 damage)
             ... on level 2 of the Dungeon.
             The game lasted 00:03:56 (1824 turns).

DungeonMaster the Vandal (Demonspawn Wanderer)      Turns: 1824, Time: 00:03:57

Health: 0/42       AC: 21    Str:  9    XL:     3   Next: 82%
Magic:  3/3        EV:  2    Int: 12    God:
Gold:   115        SH:  0    Dex: 18    Spells: 2/2 levels left

rFire   . . .      SeeInvis .   a - +0 quarterstaff (speed)
rCold   . . .      Faith    .   (shield currently unavailable)
rNeg    . . .      Spirit   .   (armour currently unavailable)
rPois   +          Reflect  .   (helmet currently unavailable)
rElec   .          Harm     .   (cloak currently unavailable)
rCorr   .          Rampage  .   (gloves currently unavailable)
Will    .....      NoTele   +   (boots currently unavailable)
Stlth   ++........              i - amulet of regeneration
HPRegen 0.94/turn               m - ring of poison resistance
MPRegen 0.08/turn               (no ring)

@: tree-form
A: stationary, stasis, torment immunity, boosted hp, demonic magic 1
a: no special abilities


You were on level 2 of the Dungeon.
You were a tree.
You visited 1 branch of the dungeon, and saw 3 of its levels.

You collected 115 gold pieces.

Inventory:

Hand Weapons
 a - a +0 quarterstaff of speed (weapon)
 w - a +2 hunting sling
Missiles
 b - 13 sling bullets
 d - 15 poisoned darts (quivered)
 e - 54 stones
 g - 23 arrows
Armour
 f - a +0 ring mail (melded)
 j - a +0 pair of boots (melded)
Jewellery
 i - an amulet of regeneration (around neck)
 m - a ring of poison resistance (left branch)
Potions
 h - a potion of flight
 k - a potion of curing {unknown}
 l - a potion of resistance {unknown}
 n - a potion of berserk rage {unknown}


   Skills:
 * Level 2.4 Fighting
 - Level 4.5(4.6) Slings
 - Level 1.0(3.0) Throwing
 * Level 1.0 Armour
 * Level 1.9 Dodging
 - Level 3.0 Evocations


You had 2 spell levels left.
You didn't know any spells.
Your spell library was empty.

Dungeon Overview and Level Annotations

Branches:
Dungeon (3/15)

Altars:

Annotations:
D:2 exclusion: downstairs


Innate Abilities, Weirdness & Mutations

You are a tree.
Your roots penetrate the ground, keeping you stationary.
You cannot be teleported.
You are immune to unholy pain and torment.
Your maximum health is greatly increased.
Your equipment is partially melded.
Spells you cast may paralyse adjacent enemies.


Message History

The orc priest miscasts a cantrip.
The gnoll closely misses you. The quokka closely misses you.
The gnoll barely misses you.
The orc priest invokes the aid of Beogh against you.
You barely resist.
You climb upwards.
Level annotation: exclusion: downstairs Reactivating autopickup.
There is a stone staircase leading down here.
The gnoll hits you with a +0 flail!
* * * LOW HITPOINT WARNING * * *
You aren't carrying any scrolls.
Really quaff the potion of lignification?
You turn into a tree.
Your +0 pair of boots melds into your body.
Your +0 ring mail melds into your body.
Your roots penetrate the ground.
The quokka bites you but does no damage.
The gnoll hits you with a +0 flail.
* * * LOW HITPOINT WARNING * * *
The quokka bites you but does no damage.
You barely miss the gnoll. The gnoll hits you with a +0 flail.
* * * LOW HITPOINT WARNING * * *
The quokka bites you but does no damage.
You hit the gnoll.
The gnoll is lightly wounded.
The gnoll hits you but does no damage.
The quokka bites you but does no damage.
You sock the gnoll!
The gnoll is severely wounded.
The quokka completely misses you.
You hit the gnoll.
The gnoll is almost dead.
The gnoll barely misses you. The quokka bites you.
* * * LOW HITPOINT WARNING * * *
You hit the gnoll.
The gnoll is almost dead.
The gnoll hits you with a +0 flail.
* * * LOW HITPOINT WARNING * * *
The quokka bites you.
You die...

##...#......#.....##
...#..#..##.#######
.#......###.#
...##...###.#####
#.#####..##..)..## ..#
##..#..##÷.####### .##
##.#..#>........# ###
#.#..#..r......# ..##
#....#.g♣......# ...#
##....#.........#
.#.#####..#..#.........#
.#..##.................#
.##.....#..............#
...##...#..............#
#.........>............#
##......#.....###.######
#........>....#...#


You could see a gnoll and a quokka.

Vanquished Creatures
  An adder (D:2)
  4 endoplasms (D:1)
  5 giant cockroaches
  6 goblins
  4 hobgoblins
  4 jackals (D:2)
  2 kobolds
  2 quokkas (D:1)
  6 ball pythons
  6 bats
  A frilled lizard (D:1)
  4 rats
45 creatures vanquished.

Notes
Turn   | Place    | Note
-------+----------+-------------------------------------------
     0 | D:1      | DungeonMaster the Demonspawn Wanderer began the quest for
                  | the Orb.
     0 | D:1      | DungeonMaster set off with the following items: a +2
                  | hunting sling, 21 sling bullets, a potion of lignification,
                  | 15 poisoned darts, a +0 dagger, a +0 robe
     0 | D:1      | Reached XP level 1. HP: 15/15 MP: 1/1
   254 | D:1      | Reached skill level 1 in Dodging
   254 | D:1      | Gained mutation: Spells you cast may paralyse adjacent
                  | enemies. [demonic ancestry]
   254 | D:1      | Reached XP level 2. HP: 21/21 MP: 2/2
   926 | D:1      | Reached XP level 3. HP: 22/27 MP: 3/3
  1763 | D:2      | Reached skill level 1 in Armour
  1787 | D:3      | Found a faded altar of an unknown god.
  1824 | D:2      | Slain by a quokka

Illustrated notes

Levels and vault maps discovered:
D:1:      dpeg_arrival_central, layout_basic, minmay_misc_feat_more_columns,
          hangedman_decor_clover_reticule, minmay_quantized
D:2:      layout_rooms, nicolae_figureground_sparkle
D:3:      layout_basic, nicolae_ecumenical_oubliette, nicolae_grassy_gnolls

Skill      XL: |  1  2  3 |
---------------+----------+-----
Dodging        | 1 |  1.9
Fighting       | 2 |  2.4
Armour         | 1 |  1.0
Slings         | |  4.5
Throwing       | |  1.0
Evocations     | |  3.0

Action                   || total
-------------------------++-------
Melee: Quarterstaff      ||   122
 Fire: Hunting sling     ||    32
  Use: Scroll            ||     3
       Potion            ||     1
 Stab: Sleeping          ||     1
Armor: Leather armour    ||    15
       Robe              ||     1
       Ring mail         ||    31
       Skin              ||     5
Dodge: Dodged            ||    82
